Map: Disco Bloodbath LE

Players

RiSky

  • Race: Zerg Zerg
  • Spawn Location: 9:00

Future - Winner!

  • Race: Terran Terran
  • Spawn Location: 3:00

Event: NationWars 2019

VOD

Have the link to the VOD?

Description

Time

  • Played on: Oct. 12, 2019, 1:21 p.m.
  • Length: 7:57
Show
View Real Time Build Order
Export as new Build Order

RiSky Zerg 

Build Orders: Hatch First 

Get SALT Encoding   

  12  0:00  Drone  
  13  0:12  Overlord  
  13  0:16  Drone  
  14  0:30  Drone  
  14  0:31  Drone  
  16  0:46  Hatchery  
  15  0:51  Drone  
  15  0:54  Drone  
  18  0:57  Drone  
  18  1:08  Extractor  
  17  1:13  Spawning Pool  
  17  1:15  Drone  
  17  1:19  Drone  
  18  1:28  Drone  
  19  1:38  Drone  
  20  1:49  Overlord  
  20  1:59  Queen x2  
  20  2:00  Zergling x4  
  26  2:09  Drone  
  26  2:11  Drone  
  28  2:20  Drone  
  28  2:21  Drone  
  30  2:29  Hatchery  
  29  2:34  Drone  
  30  2:38  Pneumatized Carapace  
  30  2:40  Drone  
  31  2:46  Overlord  
  31  2:53  Drone x2  
  31  2:54  Metabolic Boost  
  33  3:03  Drone  
  34  3:07  Drone x2  
  34  3:08  Drone x2  
  34  3:09  Drone  
  39  3:14  Drone, Queen  
  39  3:18  Overlord  
  42  3:24  Drone  
  43  3:29  Drone  
  44  3:35  Queen  
  44  3:37  Overlord  
  44  3:39  Drone  
  47  3:41  Drone x2  
  47  3:43  Queen  
  47  3:46  Zergling x4  
  53  3:51  Drone  
  53  3:52  Queen  
  56  3:56  Drone x2  
  56  3:57  Drone  
  56  4:02  Drone  
  60  4:06  Drone  
  60  4:07  Spore Crawler  
  60  4:09  Drone  
  61  4:14  Lair  
  61  4:15  Zergling x6  
  64  4:17  Overlord  
  64  4:18  Drone  
  64  4:20  Drone  
  64  4:22  Extractor  
  65  4:29  Drone  
  65  4:30  Drone, Baneling Nest  
  66  4:34  Queen, Overlord  
  66  4:37  Overlord  
  68  4:42  Drone x2, Queen  
  68  4:44  Evolution Chamber  
  71  4:48  Drone x2, Overlord  
  71  4:51  Overlord  
  74  4:54  Overlord  
  74  4:57  Drone x3  
  74  4:58  Drone  
  76  5:00  Drone  
  76  5:02  Zergling x4  
  79  5:09  Drone x2  
  79  5:10  Drone  
  79  5:11  Extractor  
  79  5:13  Evolution Chamber  
  80  5:14  Evolution Chamber  
  80  5:16  Queen  
  81  5:22  Centrifical Hooks  
  81  5:23  Drone  
  81  5:24  Drone  
  81  5:26  Drone x3  
  86  5:29  Overlord  
  86  5:30  Drone x2  
  86  5:32  Drone x2  
  86  5:35  Drone  
  91  5:42  Drone x2  
  92  5:43  Zerg Melee Weapons Level 1  
  92  5:44  Extractor  
  92  5:45  Extractor  
  92  5:46  Zergling x4  
  92  5:54  Zergling x6, Hatchery  
  92  5:55  Zergling x4  
  96  5:58  Drone  
  96  6:01  Zergling x4, Hatchery  
  98  6:05  Zergling x4  
  98  6:09  Baneling x3  
  98  6:10  Baneling x5  
  98  6:11  Zergling x8  
  104  6:16  Drone  
  105  6:23  Zergling x4  
  107  6:29  Overlord  
  107  6:30  Drone x3  
  107  6:31  Drone x2  
  112  6:34  Drone  
  112  6:37  Drone  
  112  6:38  Overlord  
  114  6:45  Overlord x2  
  114  6:46  Overlord x3  
  114  6:50  Baneling x8  
  114  6:51  Zergling x2, Infestation Pit  
  114  6:52  Zergling x2  
  114  6:53  Queen  
  116  6:57  Zergling x2  
  117  7:02  Zergling x2  
  118  7:13  Zergling x16  
  118  7:14  Zergling x10  
  110  7:16  Baneling x5  
  110  7:17  Baneling x2  
  110  7:18  Zergling x2  
  106  7:23  Zergling x4  
  106  7:27  Zergling x6  
  100  7:33  Zergling x2  
  100  7:35  Zergling x6  
Show
View Real Time Build Order
Export as new Build Order

Future Terran - Winner!

Build Orders: Hellion Opening, Reaper Expand 

Get SALT Encoding   

  12  0:00  SCV  
  13  0:13  SCV  
  14  0:17  Supply Depot  
  14  0:25  SCV  
  15  0:39  SCV  
  15  0:40  Barracks  
  16  0:44  Refinery  
  16  0:51  SCV  
  17  1:03  SCV  
  18  1:15  SCV  
  19  1:28  Orbital Command  
  19  1:29  Reaper  
  20  1:39  Command Center  
  20  1:46  Supply Depot  
  20  1:54  SCV  
  21  2:01  Marine  
  22  2:05  Factory  
  22  2:06  SCV  
  23  2:13  Refinery  
  23  2:18  SCV  
  24  2:22  Barracks Reactor  
  24  2:31  SCV  
  25  2:43  SCV  
  26  2:53  Orbital Command  
  26  2:54  Starport  
  26  2:55  SCV  
  26  3:03  Hellion  
  26  3:04  Barracks Tech Lab, Hellion  
  30  3:07  SCV  
  31  3:14  Supply Depot  
  31  3:19  SCV x2  
  33  3:25  Hellion x2  
  37  3:31  SCV x2, Viking  
  41  3:34  Stimpack  
  41  3:36  Marine  
  42  3:43  SCV x2  
  42  3:46  Hellion  
  42  3:48  Hellion  
  48  3:51  Supply Depot  
  49  3:55  SCV x2  
  49  3:58  Marine  
  51  4:07  SCV  
  51  4:08  SCV  
  53  4:13  Command Center  
  53  4:17  Marine  
  53  4:18  Supply Depot  
  53  4:20  Starport Tech Lab  
  53  4:22  SCV x2  
  56  4:28  Factory Reactor  
  56  4:34  SCV x2  
  56  4:37  Barracks  
  58  4:40  Barracks  
  58  4:42  Marine  
  59  4:46  SCV x2  
  59  4:49  Starport Reactor  
  59  4:50  Engineering Bay  
  61  4:52  Engineering Bay  
  61  4:54  Refinery  
  61  4:55  Refinery  
  61  4:58  SCV x2  
  63  5:00  Marine  
  63  5:04  Supply Depot  
  64  5:10  SCV x2  
  66  5:19  Marine  
  66  5:20  Combat Shield  
  67  5:22  Terran Infantry Weapons Level 1, Terran Infantry Armor Level 1, Siege Tank  
  67  5:25  SCV x2, Marine x2  
  75  5:33  Orbital Command  
  74  5:37  SCV x2, Marine x3  
  79  5:42  Marine x2  
  79  5:43  Supply Depot  
  79  5:49  SCV x2  
  83  5:54  Siege Tank  
  83  5:55  Marine x3  
  89  5:57  Medivac x2  
  89  6:02  Orbital Command  
  93  6:06  SCV  
  93  6:07  SCV  
  93  6:08  Supply Depot  
  93  6:10  Supply Depot x2  
  95  6:12  Marine x3  
  95  6:13  Marine  
  95  6:18  SCV, Marine  
  101  6:29  SCV, Siege Tank  
  101  6:30  SCV  
  106  6:33  SCV  
  107  6:40  Supply Depot, Marine x3  
  107  6:41  SCV, Supply Depot, Marine  
  107  6:42  Armory, SCV  
  107  6:43  Marine  
  107  6:46  SCV  
  115  6:53  SCV  
  116  6:56  Barracks, SCV  
  116  6:57  Barracks  
  116  6:58  Factory  
  116  6:59  SCV  
  118  7:04  Marine x2  
  118  7:05  Marine x2  
  118  7:06  SCV, Marine  
  118  7:08  SCV  
  125  7:14  SCV, Siege Tank  
  129  7:17  Refinery x2  
  129  7:18  SCV  
  129  7:20  SCV, Supply Depot, Medivac x2  
  131  7:24  Marine  
  131  7:25  Marine  
  131  7:26  SCV, Marine  
  131  7:29  Marine  
  136  7:30  SCV  
  136  7:31  Marine  
  136  7:35  SCV  
  125  7:39  SCV  
  125  7:43  SCV  
  123  7:45  Barracks Reactor  
  123  7:46  Barracks Reactor  
  123  7:47  Factory Tech Lab  
Tags
 
Add a new tag
Caveats
  • Supply blocks, unpowered buildings, or Contaminate may cause inaccurate times.
  • Supply counts are checked every 10 seconds.